 Dungeon Crawl Stone Soup version 0.26.0-10-g1f06aea511 (webtiles) character file.

Game seed: 2864403864855772125

351 vatarom the Insei (level 6, -1/41 HPs)
             Began as an Octopode Transmuter on Feb 5, 2021.
             Was an Initiate of Gozag.
             Slain by Pikel
             ... wielding a +1 whip of flaming
              (3 damage)
             ... on level 2 of the Dungeon.
             The game lasted 00:06:14 (4357 turns).

vatarom the Insei (Octopode Transmuter)             Turns: 4357, Time: 00:06:14

Health: -1/41      AC:  2    Str:  9    XL:     6   Next: 61%
Magic:  6/9        EV: 20    Int: 16    God:    Gozag
Gold:   341        SH:  0    Dex: 19    Spells: 3/9 levels left

rFire    . . .     SeeInvis .     - Unarmed
rCold    . . .     Faith    .   (shield currently unavailable)
rNeg     . . .     Spirit   .   (helmet currently unavailable)
rPois    x         Reflect  .   (no amulet)
rElec    .         Harm     .   r - ring of flight
rCorr    .         Rampage  .   (no ring)
Will     .....                  (no ring)
Stlth    +++.......             (no ring)
HPRegen  0.13/turn              (no ring)
MPRegen  0.11/turn              (no ring)
                                (no ring)
                                (no ring)

@: mighty, spider-form, attractive
A: tiny, almost no armour, stealthy swim, (amphibious), 8 rings, (constrict 8),
wild magic 1
a: End Transformation, Renounce Religion, Evoke Flight, Potion Petition, Call
Merchant, Bribe Branch


You were on level 2 of the Dungeon.
You worshipped Gozag.
Gozag was aware of your devotion.
You were a venomous arachnid creature.
You visited 1 branch of the dungeon, and saw 4 of its levels.

You collected 363 gold pieces.
You paid 22 gold pieces to Gozag.

Inventory:

Missiles
 h - 18 poisoned darts
Jewellery
 r - a ring of flight (left front leg)
Scrolls
 a - 4 scrolls of identify {@r1}
 b - a scroll of noise {unknown}
 c - a scroll of enchant weapon {unknown}
 e - 3 scrolls of remove curse {@r2}
 l - a scroll of enchant armour {unknown}
 n - a scroll of immolation {unknown}
 q - a scroll of teleportation {unknown}
Potions
 d - 2 potions of attraction
 f - a potion of degeneration {unknown}
 i - a potion of might {@q4}
 j - a potion of magic {unknown}
 k - a potion of invisibility {unknown}
 m - a potion of curing {unknown}
 o - a potion of flight {unknown}
 p - 2 potions of brilliance {unknown}


   Skills:
 + Level 2.9 Fighting
 - Level 2.0 Dodging
 + Level 3.4 Stealth
 * Level 5.2 Unarmed Combat
 - Level 2.0 Spellcasting
 + Level 3.4 Transmutations


You had 3 spell levels left.
You knew the following spells:

 Your Spells              Type           Power        Failure   Level
a - Beastly Appendage     Tmut           32%          21%         1
b - Wereblood             Tmut           16%          28%         2
c - Spider Form           Tmut/Pois      4%           61%         3

Your spell library contained the following spells:

 Spells                   Type           Power        Failure   Level
 Ice Form                 Ice/Tmut       9%           91%         4
 Blade Hands              Tmut           8%           95%         5


Dungeon Overview and Level Annotations

Branches:
Dungeon (4/15)
 Temple: D:4-7

Altars:
Gozag

Annotations:
D:2 1 runed translucent door, Crazy Yiuf, Pikel
D:3 Grinder


Innate Abilities, Weirdness & Mutations

You cannot wear most types of armour.
You are very stealthy in the water. (Stealth+)
((You are amphibious.))
You can wear up to eight rings at the same time.
((You can use your tentacles to constrict eight enemies at once.))
((Your skin changes colour to match your surroundings (Stealth+).))
((Your rubbery body absorbs attacks. (AC +1, EV +1)))
((One of your tentacles bears a spike.))
Your spells are a little harder to cast, but a little more powerful.


Message History

There is a stone staircase leading down here.
It was a potion of attraction.
You feel attractive to monsters. Pikel closely misses you.
It was a potion of might.
You feel very mighty all of a sudden. Pikel barely misses you.
Casting: Spider Form (quite dangerous; 30% risk of failure)
Confirm with . or Enter, or press ? or * to list all spells.
The spell is quite dangerous to cast (30% risk of failure)!
Continue anyway?
You turn into a venomous arachnid creature.
Pikel completely misses you.
It was a potion of mutation.
You feel extremely strange.
You feel less in control of your magic.
One of your lower tentacles grows a sharp spike.
Pikel hits you with a +1 whip of flaming!
* * * LOW HITPOINT WARNING * * *
Pikel burns you.
You die...
Your body crumbles into a pile of gold.

####### #.....## #
#.###..##################### ##
....##.....................#####.
...8.#####.#####sK..............<
.....### #.# #.#########.###.##
._.....# #.# #.................
.....#.###.#####<###.#####.##..#.
...8.#...........# #..# #.##..##
....##.......#.#.###..# #.#.....
#.########.#...#....#.# #.......
#.# #.##.##...##.# ##...... #.#
#.##......##.# #......


You could see Pikel.

Vanquished Creatures
  Duvessa (D:4)
  Dowan (D:4)
  An orc wizard (D:3)
  Terence (D:3)
  4 adders
  An ooze (D:2)
  4 worms
  A dart slug (D:2)
  2 leopard geckos (D:1)
  4 orcs
  2 ball pythons (D:2)
  15 giant cockroaches
  8 goblins
  2 hobgoblins (D:2)
  2 jackals (D:4)
  A quokka (D:3)
  8 bats
  4 frilled lizards
  9 kobolds
  11 rats
82 creatures vanquished.

Vanquished Creatures (others)
  2 fungi (D:2)
2 creatures vanquished.

Grand Total: 84 creatures vanquished

Notes
Turn   | Place    | Note
-------+----------+-------------------------------------------
     0 | D:1      | vatarom the Octopode Transmuter began the quest for the
                  | Orb.
     0 | D:1      | Reached XP level 1. HP: 13/13 MP: 3/3
     6 | D:1      | Noticed a polar bear
     6 | D:1      | Noticed a wyvern
     7 | D:1      | Noticed a water moccasin
     7 | D:1      | Noticed a killer bee
   270 | D:1      | Reached XP level 2. HP: 14/18 MP: 5/5
   910 | D:2      | Reached XP level 3. HP: 23/23 MP: 6/6
  1105 | D:2      | Learned a level 2 spell: Wereblood
  1276 | D:2      | Found an opulent altar of Gozag.
  1305 | D:2      | Became a worshipper of Gozag Ym Sagoz the Greedy
  1420 | D:2      | Reached skill level 1 in Stealth
  1488 | D:2      | Found a faded altar of an unknown god.
  1504 | D:2      | Reached skill level 4 in Unarmed Combat
  1504 | D:2      | Reached XP level 4. HP: 24/29 MP: 7/7
  2127 | D:2      | Found a runed translucent door.
  2128 | D:2      | Noticed Crazy Yiuf
  2490 | D:3      | Learned a level 3 spell: Spider Form
  2573 | D:3      | Noticed Grinder
  2973 | D:3      | Reached XP level 5. HP: 28/34 MP: 8/8
  3305 | D:3      | Noticed Terence
  3318 | D:3      | Killed Terence
  3843 | D:4      | Noticed Pikel
  3843 | D:4      | Noticed a lemure
  3843 | D:4      | Noticed a lemure
  3843 | D:4      | Noticed a lemure
  3843 | D:4      | Noticed a lemure
  3958 | D:4      | Noticed Dowan
  4018 | D:4      | Noticed Duvessa
  4035 | D:4      | Killed Duvessa
  4036 | D:4      | Reached skill level 5 in Unarmed Combat
  4036 | D:4      | Reached XP level 6. HP: 32/41 MP: 5/9
  4042 | D:4      | Killed Dowan
  4357 | D:2      | Gained mutation: Your spells are a little harder to cast,
                  | but a little more powerful. [potion of mutation]
  4357 | D:2      | Gained mutation: One of your tentacles bears a spike.
                  | [potion of mutation]
  4357 | D:2      | HP: 2/41 [Pikel/+1 whip of flaming (10)]
  4357 | D:2      | Slain by Pikel

Illustrated notes

Levels and vault maps discovered:
D:1:      onia_arrival_zoo_common, layout_basic, minmay_statues_item
D:2:      minmay_roachtagon, layout_loops_ring,
          chequers_ecumenical_altar_simple, grunt_gozag_statues,
          uniq_crazy_yiuf_cottage
D:3:      layout_basic, st_stairs_13, eino_curves_01, uniq_terence, uniq_grinder
D:4:      layout_rooms, uniq_duvessa, uniq_pikel, uniq_ijyb

Skill      XL: |  1  2  3  4  5 |
---------------+----------------+-----
Stealth        | 1 3 |  3.4
Unarmed Combat | 4 5 |  5.2
Fighting       | 2 |  2.9
Transmutations | 3 |  3.4
Dodging        | |  2.0
Spellcasting   | |  2.0

Action                   |  1- 3 |  4- 6 || total
-------------------------+-------+-------++-------
Melee: Unarmed           |    97 |   113 ||   210
       Constrict         |    28 |    21 ||    49
       Kick              |     1 |     2 ||     3
       Tentacles         |     9 |    16 ||    25
       Punch             |     1 |     2 ||     3
 Cast: Beastly Appendage |     3 |     2 ||     5
       Spider Form       |       |     4 ||     4
  Use: Potion            |       |     3 ||     3
       Scroll            |       |     1 ||     1
 Stab: Sleeping          |    10 |     4 ||    14
       Distracted        |     1 |       ||     1
Armor: Skin              |     7 |     5 ||    12
Dodge: Dodged            |    65 |    82 ||   147
